cohdb
Replays
Latest Replays
All Replays
Popular Replays
Top Player Replays
Match Explorer
How It Works
Community
CoH3 Stats
Reddit
Sign in to upload your games and track your stats! →
Sign in with Steam
Match 45541407
Unlisted
Match 45541407
Overview
Messages
Build Orders
End
Royal Engineer Section
Construct Section Command Post
Selects Heavy Armor Battlegroup
Dingo Light Scout Car
Infantry Section
Selects Rigorous Vehicle Training
Infantry Section
Infantry Section
Construct Platoon Command Post
CMP 15cwt Truck
Humber Armored Car
Selects Forward Repair Assembly
6-pounder Anti-tank Gun Team
Grenade Package
Infantry Training
Royal Engineer Section
Team Weapon Training
Construct Company Command Post
Selects Churchill Black Prince Heavy Tank
Churchill Black Prince Heavy Tank
Royal Engineer Section
Armored Vehicle Training
Skeng.Tecnica.International
Rather Splendid Cromwell
FloofieDog
LOPO
Водитель по Губам
nierenbrei
0
0
Comments
sign in to comment!
No comments posted yet!